 Dungeon Crawl Stone Soup version 0.29-a0-284-gf9362112df (webtiles) character file.

Game seed: 1408075147956063952

95 mistaj the Chopper (level 4, -1/42 HPs)
             Began as a Deep Dwarf Monk on Mar 22, 2022.
             Slain by Sigmund
             ... wielding a +0 scythe
              (8 damage)
             ... on level 3 of the Dungeon.
             The game lasted 00:05:56 (1577 turns).

mistaj the Chopper (Deep Dwarf Monk)                Turns: 1577, Time: 00:05:57

Health: -1/42      AC:  8    Str: 17    XL:     4   Next: 39%
Magic:  3/3        EV: 12    Int: 10    God:
Gold:   135        SH:  0    Dex: 15    Spells: 3/3 levels left

rFire   . . .      SeeInvis .   a - +0 hand axe
rCold   . . .      Faith    .   (no shield)
rNeg    . . .      Spirit   .   f - +0 chain mail
rPois   .          Reflect  .   (no helmet)
rElec   .          Harm     .   (no cloak)
rCorr   .          Rampage  .   (no gloves)
Will    .....                   (no boots)
Stlth   ..........              (no amulet)
HPRegen 0.00/turn               m - +4 ring of evasion
MPRegen 0.08/turn               (no ring)

@: no status effects
A: damage resistance, heal wounds, sense surroundings 1, no regeneration
a: Heal Wounds


You were on level 3 of the Dungeon.
You visited 1 branch of the dungeon, and saw 3 of its levels.

You collected 135 gold pieces.

Inventory:

Hand Weapons
 a - a +0 hand axe (weapon)
Missiles
 i - 5 poisoned darts
Armour
 e - a +1 leather armour of poison resistance
 f - a +0 chain mail (worn)
Jewellery
 m - a +4 ring of evasion (left hand)
Scrolls
 b - 3 scrolls of identify {unknown}
 g - a scroll of immolation {unknown}
 h - a scroll of brand weapon {unknown}
Potions
 c - a potion of ambrosia
 d - a potion of cancellation {unknown}
 j - a potion of lignification {unknown}
 k - a potion of flight {unknown}
 l - a potion of heal wounds {unknown}


   Skills:
 + Level 3.2 Fighting
 + Level 3.9 Axes
 + Level 1.8 Armour
 + Level 3.9 Dodging
 + Level 3.4 Stealth


You had 3 spell levels left.
You didn't know any spells.
Your spell library contained the following spells:

 Spells                   Type           Power      Damage    Failure   Level
 Shock                    Conj/Air       0%         1d3       99%         1
 Swiftness                Air            0%         N/A       100%        3
 Airstrike                Air            0%         N/A       100%        4
 Fireball                 Conj/Fire      0%         3d3       100%        5
 Iskenderun's Battlesphe  Conj           0%         2d6       100%        5
 Conjure Ball Lightning   Conj/Air       0%         3x3d6     100%        6
 Orb of Destruction       Conj           0%         9d5       100%        7


Dungeon Overview and Level Annotations

Branches:
Dungeon (3/15)

Altars:
Dithmenos
Trog

Annotations:
D:3 Sigmund


Innate Abilities, Weirdness & Mutations

You are resistant to damage.
You can heal yourself by infusing magical energy.
You passively map a small area around you.
You do not regenerate.


Message History

The adder bites you but does no damage.
You closely miss the adder. The adder barely misses you. The adder bites you.
You are poisoned.
The adder poisons you!
You barely miss the adder. The adder closely misses you.
You slash the adder!
The adder is almost dead.
The adder closely misses you. Sigmund misses you. The adder barely misses you.
You miss the adder.
The adder is almost dead.
You are no longer poisoned.
The adder closely misses you.
You barely miss the adder.
The adder is severely wounded.
The adder bites you but does no damage.
Sigmund casts a spell.
Sigmund flickers and vanishes!
Deactivating autopickup; reactivate with Ctrl-A.
The adder barely misses you. Something hits you.
You miss the adder.
The adder is severely wounded.
The adder misses you.
You miss the adder.
The adder is severely wounded.
The adder closely misses you. Something hits you.
You barely miss the adder.
The adder is severely wounded.
The adder barely misses you. The adder closely misses you. Something hits you!
* * * LOW HITPOINT WARNING * * *
You closely miss the adder.
The adder is severely wounded.
The adder barely misses you.
You miss the adder.
The adder is severely wounded.
The adder bites you but does no damage. Something hits you but does no damage.
The adder closely misses you.
You hit the adder.
You kill the adder!
Something hits you!
You die...

.........# #.#.....#.########.#
#........# ##.###.#.#.# #.#
#........####..........### #.#
...........J...###.#.#...# #.#
#........#####J#.....#.#.# #.#
#..[.....# #@#.#.###.#.######.#
#..###########...#.#.............
#..# #.....###.###.##.#####..
#..# * ,#.##.{†@......##..## #..
#... ,, #.####.#......###..# #..
..## * #.# #.#.##.#.# #..###..
#.# #.#......####...... #.#
#.##..........###.# ,
#.####.##.........)###.# ,
,#......)............#... ,
######.##...........#..# , *
#.##...........#..#


There were no monsters in sight!

Vanquished Creatures
  A howler monkey (D:3)
  An adder (D:3)
  3 worms
  4 endoplasms
  2 giant cockroaches (D:3)
  3 goblins
  5 hobgoblins
  4 jackals
  3 kobolds (D:3)
  2 quokkas
  8 ball pythons
  2 bats
  4 frilled lizards
  3 rats
45 creatures vanquished.

Notes
Turn   | Place    | Note
-------+----------+-------------------------------------------
     0 | D:1      | mistaj the Deep Dwarf Monk began the quest for the Orb.
     0 | D:1      | Reached XP level 1. HP: 20/20 MP: 1/1
   131 | D:1      | Reached XP level 2. HP: 22/27 MP: 2/2
   395 | D:1      | Reached skill level 1 in Armour
   404 | D:1      | Found a faded altar of an unknown god.
   840 | D:2      | Reached XP level 3. HP: 17/33 MP: 3/3
   841 | D:2      | Found a shadowy altar of Dithmenos.
  1143 | D:3      | Found a bloodstained altar of Trog.
  1438 | D:3      | Reached XP level 4. HP: 32/42 MP: 3/3
  1452 | D:3      | Noticed Sigmund
  1577 | D:3      | Slain by Sigmund

Illustrated notes

Levels and vault maps discovered:
D:1:      nzn_arrival_depleted_hourglass, layout_loops_ring,
          ebering_ecumenical_altar_webs
D:2:      layout_rooms, basic_altar, minmay_misc_feat_ornament
D:3:      layout_basic, bloody_trog, minmay_misc_feat_roman, uniq_sigmund,
          uniq_crazy_yiuf_cottage

Skill      XL: |  1  2  3 |
---------------+----------+-----
Armour         | 1 |  1.8
Stealth        | 3 |  3.4
Fighting       | 3 |  3.2
Axes           | |  3.9
Dodging        | |  3.9

Action                   |  1- 3 |  4- 6 || total
-------------------------+-------+-------++-------
Melee: Hand axe          |   144 |    23 ||   167
       Punch             |     3 |       ||     3
 Abil: Heal Wounds       |     2 |     1 ||     3
Armor: Robe              |     3 |       ||     3
       Scale mail        |     8 |       ||     8
       Chain mail        |    48 |    19 ||    67
Dodge: Dodged            |    48 |    41 ||    89

Table legend: (Time is in decaauts)
 A = Elapsed time spent in this place.
 B = Non-inter-level travel time spent in this place.
 C = Inter-level travel time spent in this place.
 D = Time resting spent in this place.
 E = Time spent auto-exploring this place.
 F = Levels seen in this place.
 G = Mean time per level.
                   A        B        C        D        E       F      G
               +--------+--------+--------+--------+--------+-----+--------+
         Total |   1595 |   1566 |     29 |      3 |    826 |   3 |  531.7 |
       Dungeon |   1595 |   1566 |     29 |      3 |    826 |   3 |  531.7 |
               +--------+--------+--------+--------+--------+-----+--------+

Top non-repeatable levels by time:
     D:1: 649 daAuts
     D:3: 538 daAuts
     D:2: 407 daAuts
